 Dungeon Crawl Stone Soup version 0.29-a0-775-g4d7333d4e2 (webtiles) character file.

Game seed: 7442354690324230165

58 purpskrrrp the Chopper (level 4, 0/40 HPs)
             Began as a Hill Orc Monk on June 30, 2022.
             Slain by Sigmund
             ... wielding a +0 scythe
              (13 damage)
             ... on level 2 of the Dungeon on July 1, 2022.
             The game lasted 00:06:46 (1780 turns).

purpskrrrp the Chopper (Hill Orc Monk)              Turns: 1780, Time: 00:06:46

Health: 0/40       AC:  0    Str: 15    XL:     4   Next: 1%
Magic:  4/4        EV: 20    Int: 10    God:
Gold:   132        SH:  0    Dex: 18    Spells: 3/3 levels left

rFire   . . .      SeeInvis .   (weapon currently unavailable)
rCold   . . .      Faith    .   (shield currently unavailable)
rNeg    . . .      Spirit   .   (body armour currently unavailable)
rPois   .          Reflect  .   (helmet currently unavailable)
rElec   .          Harm     .   (cloak currently unavailable)
rCorr   .          Rampage  .   (gloves currently unavailable)
Will    .....                   (boots currently unavailable)
Stlth   ++........              (no amulet)
HPRegen 0.13/turn               (ring currently unavailable)
MPRegen 0.09/turn               (ring currently unavailable)

@: bat-form, flying, very quick
A: fast, flying, no casting, tiny
a: no special abilities


You were on level 2 of the Dungeon.
You were a bat.
You visited 1 branch of the dungeon, and saw 3 of its levels.

You collected 132 gold pieces.

Inventory:

Hand Weapons
 a - a +0 hand axe (melded)
 b - a +0 whip
Armour
 f - a +0 ring mail (melded)
 g - a +0 pair of boots (melded)
 j - a +0 pair of gloves (melded)
Scrolls
 d - 3 scrolls of identify
Potions
 c - a potion of ambrosia
 e - a potion of berserk rage
 i - a potion of magic {unknown}


   Skills:
 + Level 4.0 Fighting
 + Level 5.1 Axes
 + Level 1.1 Armour
 + Level 2.8 Dodging
 + Level 1.7 Stealth


You had 3 spell levels left.
You didn't know any spells.
Your spell library contained the following spells:

 Spells                   Type           Power      Damage    Failure   Level
 Confusing Touch          Hex            0%         N/A       75%         3
 Ozocubu's Armour         Ice            0%         N/A       75%         3
 Metabolic Englaciation   Hex/Ice        0%         N/A       100%        5
 Yara's Violent Unravell  Hex/Tmut       0%         3d3       100%        5
 Simulacrum               Ice/Necr       0%         N/A       100%        6
 Enfeeble                 Hex            0%         N/A       100%        7


Dungeon Overview and Level Annotations

Branches:
Dungeon (3/15)

Altars:
Hepliaklqana

Annotations:
D:2 Sigmund


Message History

You barely miss something. Something hits you but does no damage.
You barely miss something. Something hits you but does no damage.
You closely miss something.
You hear some strange, mumbled words.
Something tries to affect you, but you resist.
You closely miss something.
You hear some strange, mumbled words.
A puff of flame appears from out of thin air!
The puff of flame hits you.
You closely miss something. Something hits you but does no damage.
You closely miss something. You hit something. Something hits you.
You hit something.
You hear some strange, mumbled words.
A magic dart appears from out of thin air!
The magic dart hits you but does no damage.
You closely miss something. Something hits you.
You closely miss something. You closely miss something.
Something hits you but does no damage.
You closely miss something.
You hear some strange, mumbled words.
You are confused.
You closely miss something.
You hear a zap.
You turn into a bat.
Your +0 hand axe melds into your body.
Your +0 pair of gloves melds into your body.
Your +0 pair of boots melds into your body.
Your +0 ring mail melds into your body.
You bump into the rock wall.
Something hits you.
You bump into the rock wall.
You bump into the rock wall.
You hear some strange, mumbled words.
A puff of flame appears from out of thin air!
The puff of flame hits you!
* * * LOW HITPOINT WARNING * * *
You hit something but do no damage.
You hear some strange, mumbled words.
Something tries to affect you, but you resist.
You feel better. Something hits you!
You die...

#..........####....#
#.#.......## ##.#.#
#.##.....## ##.#.##
..###...## ##.....#
### ##+## #....#.#
##.....# ##.#### #.#
#b# #{# ...@....#
..#######


There were no monsters in sight!

Vanquished Creatures
  2 adders (D:2)
  5 dart slugs
  An orc (D:2)
  2 ball pythons
  2 bats
  An endoplasm (D:2)
  A goblin (D:2)
  5 hobgoblins
  3 kobolds (D:2)
  4 quokkas
  2 rats
28 creatures vanquished.

Notes
Turn   | Place    | Note
-------+----------+-------------------------------------------
     0 | D:1      | purpskrrrp the Hill Orc Monk began the quest for the Orb.
     0 | D:1      | Reached XP level 1. HP: 19/19 MP: 1/1
   212 | D:1      | Found a faded altar of an unknown god.
   486 | D:1      | Reached XP level 2. HP: 27/27 MP: 2/2
  1091 | D:2      | Reached XP level 3. HP: 27/33 MP: 3/3
  1106 | D:2      | Upgraded the game from 0.29-a0-757-g358383bc75 to
                  | 0.29-a0-775-g4d7333d4e2
  1248 | D:2      | Reached skill level 1 in Armour
  1445 | D:2      | Found a hazy altar of Hepliaklqana.
  1706 | D:2      | Reached skill level 5 in Axes
  1706 | D:2      | Reached XP level 4. HP: 35/40 MP: 4/4
  1755 | D:2      | Noticed Sigmund
  1780 | D:2      | Slain by Sigmund

Illustrated notes

Levels and vault maps discovered:
D:1:      lemuel_arrival_cross, layout_loops_ring,
          shapermc_ecumenical_altar_venn
D:2:      layout_loops_corners, basic_altar, serial_bayou_pond_d, uniq_sigmund,
          uniq_terence
D:3:      layout_loops_cross, grunt_temple_overflow_open

Skill      XL: |  1  2  3 |
---------------+----------+-----
Fighting       | 4 |  4.0
Armour         | 1 |  1.1
Axes           | 5 |  5.1
Dodging        | |  2.8
Stealth        | |  1.7

Action                   |  1- 3 |  4- 6 || total
-------------------------+-------+-------++-------
Melee: Hand axe          |   113 |    15 ||   128
       Punch             |     1 |       ||     1
       Unarmed           |       |     1 ||     1
  Use: Scroll            |     5 |       ||     5
       Potion            |       |     1 ||     1
 Stab: Sleeping          |     1 |       ||     1
Armor: Ring mail         |    39 |     5 ||    44
       Robe              |     2 |       ||     2
Dodge: Dodged            |    68 |       ||    68

Table legend: (Time is in decaauts)
 A = Elapsed time spent in this place.
 B = Non-inter-level travel time spent in this place.
 C = Inter-level travel time spent in this place.
 D = Time resting spent in this place.
 E = Time spent auto-exploring this place.
 F = Levels seen in this place.
 G = Mean time per level.
                   A        B        C        D        E       F      G
               +--------+--------+--------+--------+--------+-----+--------+
         Total |   1792 |   1755 |     37 |     45 |   1321 |   3 |  597.3 |
       Dungeon |   1792 |   1755 |     37 |     45 |   1321 |   3 |  597.3 |
               +--------+--------+--------+--------+--------+-----+--------+

Top non-repeatable levels by time:
     D:1: 956 daAuts
     D:2: 833 daAuts
     D:3: 1 daAuts
